 Dungeon Crawl Stone Soup version 0.16.0-8-gd9ae3a8 (webtiles) character file.

3343 HolyRage the Basher (level 9, -1/74 HPs)
             Began as a Minotaur Berserker on Mar 16, 2015.
             Was a High Priest of Trog.
             Slain by a queen bee (9 damage)
             ... on level 8 of the Dungeon.
             The game lasted 01:36:43 (6982 turns).

HolyRage the Basher (Minotaur Berserker)            Turns: 6982, Time: 01:36:44

Health: -1/74      AC: 13    Str: 29    XL:     9   Next: 72%
Magic:  4/4        EV: 10    Int:  4    God:    Trog [*****.]
Gold:   242        SH:  0    Dex: 16    Spells: 0 memorised, 8 levels left

rFire  . . .     SeeInvis .     n - +3 spear of the Toadstool {antimagic, rC+ Str+3}
rCold  + + .     Clarity  .     t - +0 chain mail
rNeg   . . .     SustAb   .     (no shield)
rPois  .         Gourm    .     (helmet restricted)
rElec  .         Spirit   .     C - +0 cloak
rCorr  .         Warding  .     o - +0 pair of gloves
rMut   .         NoTele   +     s - +0 pair of boots
MR     .....                    b - amulet "Ceanal" {-Tele +Rage rC+ MP+9 Str+2 Dex+3}
Stlth  ..........               (no ring)
                                (no ring)

@: lethally poisoned (-1 -> -13), not resistant to hostile enchantments,
extremely unstealthy
A: retaliatory headbutt, horns 2, thin skeletal structure 1, low mp 1, sense
surroundings 1
a: Burn Spellbooks, Berserk, Trog's Hand, Brothers in Arms, Renounce Religion,
Evoke Berserk Rage


You were on level 8 of the Dungeon.
You worshipped Trog.
Trog was extremely pleased with you.
You were not hungry.

You visited 2 branches of the dungeon, and saw 9 of its levels.
You also visited: Sewer.

You collected 387 gold pieces.
You spent 145 gold pieces at shops.

Inventory:

Hand weapons
 j - a +1 mace of venom
 l - a +4 quarterstaff of chaos
 n - the +3 spear of the Toadstool (weapon) {antimagic, rC+ Str+3}
   (You found it on level 7 of the Dungeon)

   It disrupts the flow of magical energy around spellcasters and certain
   magical creatures (including the wielder).
   It affects your strength (+3).
   It protects you from cold.
 r - a +2 vampiric battleaxe
 u - a +0 shortbow
Missiles
 f - 8 arrows of flame (quivered)
Armour
 g - a +1 ring mail
 o - a +0 pair of gloves (worn)
 s - a +0 pair of boots (worn)
 t - a +0 chain mail (worn)
 C - a +0 cloak (worn)
Jewellery
 b - the amulet "Ceanal" (around neck) {-Tele +Rage rC+ MP+9 Str+2 Dex+3}
   (You bought it in a shop on level 7 of the Dungeon)

   [amulet of rage]

   It affects your strength (+2).
   It affects your dexterity (+3).
   It protects you from cold.
   It affects your magic capacity (+9).
   It lets you go berserk.
   It prevents most forms of teleportation.
Scrolls
 e - 2 scrolls of enchant armour
 h - a scroll of recharging
 k - 2 scrolls of immolation
 p - 4 scrolls of teleportation
 y - a scroll of blinking
 B - a scroll of fear
Potions
 d - 2 potions of curing
 m - a potion of agility
 z - 6 potions of flight
Comestibles
 a - 5 chunks of flesh
 c - 7 bread rations
 i - a meat ration
 w - 2 royal jellies


   Skills:
 - Level 5.1 Fighting
 - Level 12.8 Maces & Flails
 + Level 8.1 Polearms
 - Level 5.9 Armour
 - Level 2.1 Dodging


You had 8 spell levels left.
You didn't know any spells.

Dungeon Overview and Level Annotations

Branches:
Dungeon (8/15)             Temple (1/1) D:4
   Lair: D:8-11

Altars:
Ashenzari
Cheibriados
Dithmenos
Elyvilon
Fedhas
Gozag
Kikubaaqudgha
Makhleb
Nemelex Xobeh
Qazlal
Ru
Sif Muna
Trog
Vehumet
Xom
Yredelemnul
Zin
The Shining One

Shops:
D:6 *   D:7 *


Innate Abilities, Weirdness & Mutations

You reflexively headbutt those who attack you in melee.
You have a pair of horns on your head.
You have a somewhat thin skeletal structure (Dex +2, Stealth).
Your magical capacity is low (-10% MP).
You passively map a small area around you.


Message History

* * * LOW HITPOINT WARNING * * *
You hit the queen bee but do no damage. You hit the queen bee but do no damage.
Your headbutt misses the queen bee.
The queen bee stings you but does no damage.
You hit the queen bee.
The queen bee is lightly wounded.
The queen bee stings you.
* * * LOW HITPOINT WARNING * * *
You are lethally poisoned!
The queen bee poisons you!
Unknown command.
You closely miss the queen bee.
The queen bee is lightly wounded.
* * * LOW HITPOINT WARNING * * *
You feel sick.
You hit the queen bee! You headbutt the queen bee.
The queen bee is heavily wounded.
* * * LOW HITPOINT WARNING * * *
You feel sick. The queen bee stings you!
You die...

#.....###...#
###.........#.#
........###...########
###............<......
* #####.####.###.#####
,* *
*###)##....>......
......$........#.####*
.####...#>.......# *,
, *, #..#........@## ,
* #..##......†y.##.# ,
#..*##...........# #..
##...#...##.# #..
##........<.# , .*
#.###......., , , *
#.# #####.. * #.# ..
#.# *, ,


You could see a queen bee.

Vanquished Creatures
  A two-headed ogre (D:8)
  A wyvern (D:8)
  A hungry ghost (D:4)
  Menkaure (D:4)
  3 sky beasts
  Purgy (Sewer)
  An orc warrior (D:6)
  A black bear (D:7)
  3 ogres
  A centaur (D:5)
  Duvessa (D:7)
  A wyvern zombie (D:7)
  A giant frog (D:6)
  A gnoll sergeant (D:6)
  9 killer bees (D:8)
  Dowan (D:7)
  4 crimson imps
  A jelly (D:5)
  3 giant frog skeletons
  Crazy Yiuf (D:6)
  3 hounds
  2 orc priests (D:6)
  3 orc wizards
  6 worker ants
  2 iguanas
  A hound skeleton (D:4)
  9 gnolls
  14 adders
  A river rat (D:6)
  4 giant mites
  A shadow imp (D:6)
  2 worms (D:2)
  7 giant geckos
  An ooze (D:1)
  27 orcs
  3 ball pythons
  13 bats
  7 giant cockroaches
  10 goblins
  11 hobgoblins
  2 quokkas
  2 giant gecko skeletons (D:4)
  4 giant newts
  3 jackals (D:2)
  14 kobolds
  16 rats
  2 fungi (D:6)
207 creatures vanquished.

Notes
Turn   | Place    | Note
--------------------------------------------------------------
     0 | D:1      | HolyRage, the Minotaur Berserker, began the quest for the Orb.
     0 | D:1      | Reached XP level 1. HP: 19/19 MP: 1/1
    16 | D:1      | Gained mutation: You have a somewhat thin skeletal structure (Dex +2, Stealth). [potion of mutation]
    16 | D:1      | Gained mutation: You passively map a small area around you. [potion of mutation]
    16 | D:1      | Gained mutation: Your magical capacity is low (-10% MP). [potion of mutation]
   271 | D:1      | Reached skill level 4 in Maces & Flails
   418 | D:1      | Reached XP level 2. HP: 20/26 MP: 0/0
   847 | D:2      | Reached skill level 5 in Maces & Flails
   847 | D:2      | Reached XP level 3. HP: 28/31 MP: 1/1
   884 | D:2      | Acquired Trog's second power
  1200 | D:2      | Reached XP level 4. HP: 31/39 MP: 1/1
  1228 | D:2      | Reached skill level 6 in Maces & Flails
  1934 | D:3      | Noticed an ogre
  1938 | D:3      | Killed an ogre
  1938 | D:3      | Reached skill level 7 in Maces & Flails
  1938 | D:3      | Reached XP level 5. HP: 24/45 MP: 1/1
  2448 | D:3      | Reached skill level 8 in Maces & Flails
  2562 | D:4      | Noticed an ogre
  2573 | D:4      | Killed an ogre
  2573 | D:4      | Reached XP level 6. HP: 51/51 MP: 2/2
  2628 | D:4      | Reached skill level 9 in Maces & Flails
  2650 | D:4      | Found a staircase to the Ecumenical Temple.
  2777 | D:4      | Noticed Menkaure
  2790 | D:4      | Killed Menkaure
  2790 | D:4      | Reached XP level 7. HP: 44/57 MP: 2/2
  2860 | D:4      | Noticed a hungry ghost
  2880 | D:4      | Killed a hungry ghost
  2880 | D:4      | Reached skill level 10 in Maces & Flails
  3019 | D:4      | Acquired Trog's third power
  3415 | Temple   | Entered the Ecumenical Temple
  3563 | D:5      | Entered Level 5 of the Dungeon
  3716 | D:5      | Reached skill level 11 in Maces & Flails
  4070 | D:5      | Reached XP level 8. HP: 58/64 MP: 2/2
  4196 | D:5      | Reached skill level 12 in Maces & Flails
  4668 | D:6      | Found a glowing drain.
  4680 | Sewer    | Entered a sewer
  4747 | Sewer    | Noticed Purgy
  4752 | Sewer    | Killed Purgy
  4987 | D:6      | Found Cotagom's General Store.
  5399 | D:6      | Reached skill level 5 in Armour
  5474 | D:6      | Noticed Crazy Yiuf
  5483 | D:6      | Killed Crazy Yiuf
  5619 | D:6      | Reached XP level 9. HP: 62/72 MP: 3/3
  5774 | D:7      | Reached skill level 5 in Fighting
  5859 | D:7      | Got a translucent spear
  5917 | D:7      | Identified the cursed +3 spear of the Toadstool {antimagic, rC+ Str+3} (You found it on level 7 of the Dungeon)
  5942 | D:7      | Received a gift from Trog
  6025 | D:7      | Found Klei's Assorted Antiques.
  6031 | D:7      | Bought a transparent golden amulet for 145 gold pieces
  6059 | D:7      | Reached skill level 1 in Polearms
  6273 | D:7      | Noticed Duvessa
  6274 | D:7      | Noticed Dowan
  6278 | D:7      | Killed Duvessa
  6285 | D:7      | Killed Dowan
  6720 | D:7      | Identified the amulet "Ceanal" {-Tele +Rage rC+ MP+9 Str+2 Dex+3} (You bought it in a shop on level 7 of the Dungeon)
  6831 | D:8      | Reached skill level 5 in Polearms
  6982 | D:8      | Slain by a queen bee

Action                   |  1- 3 |  4- 6 |  7- 9 || total
-------------------------+-------+-------+-------++-------
Melee: Mace              |    58 |    94 |   218 ||   370
       Spear             |       |       |   110 ||   110
Invok: Berserk           |       |     2 |     1 ||     3
       Trog's Hand       |       |     1 |     1 ||     2
  Use: Potion            |     5 |     3 |     8 ||    16
       Scroll            |     3 |     2 |    12 ||    17
 Stab: Sleeping          |       |     1 |     1 ||     2
  Eat: Chunk             |     1 |     7 |    11 ||    19
       Meat ration       |       |       |     2 ||     2
       Royal jelly       |       |       |     1 ||     1
       Beef jerky        |       |       |     1 ||     1
